 Dungeon Crawl Stone Soup version 0.30.0-29-ga12c61a403 (webtiles) character file.

Game seed: 17961716240576603911

251 qw the Chopper (level 6, -1/37 HPs)
             Began as a Gargoyle Fighter on June 4, 2023.
             Slain by a gnoll
             ... wielding a +0 halberd
              (8 damage)
             ... on level 4 of the Dungeon.
             The game lasted 00:01:10 (2379 turns).

qw the Chopper (Gargoyle Fighter)                   Turns: 2379, Time: 00:01:10

Health: -1/37      AC: 12    Str: 28    XL:     6   Next: 13%
Magic:  6/6        EV: 10    Int:  8    God:
Gold:   140        SH:  4    Dex:  9    Spells: 5/5 levels left

rFire   . . .        Y - +0 war axe (drain)
rCold   . . .        c - +0 buckler
rNeg    + . .        b - +0 scale mail
rPois   inf          (no helmet)
rElec   +            (no cloak)
rCorr   .            (no gloves)
SInv    .            j - +0 pair of boots
Will    .....        (no amulet) Stlth
                     k - +6 ring of strength
HPRegen 0.26/turn    (no ring)
MPRegen 0.10/turn

%: no passive effects
@: about to teleport
A: sickness immunity, AC +4, negative energy resistance 1, electricity
resistance, torment resistance 1, petrification resistance
a: no special abilities


You were on level 4 of the Dungeon.
You visited 1 branch of the dungeon, and saw 4 of its levels.

You collected 140 gold pieces.


Innate Abilities, Weirdness & Mutations

You are immune to sickness and miasma.
Your stone body is resilient. (AC +4)
You are immune to poison.
You resist negative energy. (rN+)
You are resistant to electric shocks. (rElec)
You are resistant to unholy torment.
You are immune to petrification.


   Skills:
 + Level 3.5 Fighting
 - Level 5.4 Axes
 - Level 3.2 Armour
 - Level 1.0 Dodging
 - Level 3.2 Shields


You had 5 spell levels left.
You didn't know any spells.
Your spell library was empty.

Inventory:

Hand Weapons
 n - a +0 whip
 Y - a +0 war axe of draining (weapon)
Missiles
 m - 6 boomerangs (quivered)
Armour
 b - a +0 scale mail (worn)
 c - a +0 buckler (worn)
 j - a +0 pair of boots (worn)
Jewellery
 k - a +6 ring of strength (left hand)
Scrolls
 e - a scroll of identify
Potions
 a - a potion of mutation {unknown}
 d - a potion of might
 f - a potion of curing {unknown}
 g - a potion of invisibility {unknown}
 i - a potion of heal wounds
 l - a potion of degeneration {unknown}
 p - a potion of brilliance {unknown}

Dungeon Overview and Level Annotations

Branches:
Dungeon (4/15)
 Temple: D:4-7

Altars:
Ru


Message History

You hit the giant cockroach but do no damage.
You drain the giant cockroach.
The giant cockroach is almost dead.
You block the giant cockroach's attack. You block the gnoll's attack.
You slash the giant cockroach!
You kill the giant cockroach!
The gnoll barely misses you.
You hit the gnoll but do no damage. You drain the gnoll.
The gnoll is moderately wounded.
The gnoll hits you from afar with a +0 halberd!
The gnoll hits you from afar with a +0 halberd.
The gnoll hits you but does no damage.
You hit the gnoll but do no damage.
The gnoll is lightly wounded.
The gnoll hits you but does no damage. x2
You hit the gnoll but do no damage. You drain the gnoll.
The gnoll is heavily wounded.
The gnoll hits you from afar with a +0 halberd.
The gnoll closely misses you.
You hit the gnoll.
The gnoll is severely wounded.
The gnoll closely misses you. x2
You hit the gnoll.
The gnoll is severely wounded.
The gnoll barely misses you. x2; The gnoll hits you but does no damage.
The gnoll barely misses you.
You hit the gnoll but do no damage.
The gnoll is severely wounded.
The gnoll hits you with a +0 club. You block the gnoll's attack.
You closely miss the gnoll.
The gnoll is severely wounded.
The gnoll hits you with a +0 club. The gnoll closely misses you.
You slash the gnoll!
You kill the gnoll!
The gnoll hits you from afar with a +0 halberd!
2379 ||| READING scroll of teleportation.
As you read the scroll of teleportation, it crumbles to dust.
You feel strangely unstable.
The gnoll hits you from afar with a +0 halberd!
You die...

#.# #.........#
#.######.###.###.#
#.....##..##.#
#####.##...#.#
#......#.#
#.##...#.#
#.##.#.#(#
########.#...##.#
.......@)#.###
########)#. #.gs.#
#.##....# #.. ...#
#.# #.. ..# # ###


You could see a scorpion and a gnoll.

Vanquished Creatures
  A black bear (D:2)
  A scorpion (D:4)
  An iguana (D:4)
  A gnoll (D:4)
  An adder (D:2)
  2 dart slugs
  6 bats
  6 endoplasms
  3 giant cockroaches
  8 goblins
  5 hobgoblins
  2 jackals (D:3)
  3 quokkas
  5 ball pythons
  3 frilled lizards
  4 kobolds
  6 rats
58 creatures vanquished.

Notes
Turn   | Place    | Note
-------+----------+-------------------------------------------
     0 | D:1      | qw the Gargoyle Fighter began the quest for the Orb.
     0 | D:1      | Reached XP level 1. HP: 14/14 MP: 1/1
     0 | D:1      | 0 ||| qw: Version: 0.2-a-106-g05974ce
     0 | D:1      | 0 ||| qw: Game counter: 1162
     0 | D:1      | 0 ||| qw: Always use a shield: true
     0 | D:1      | 0 ||| qw: God list: Okawaru
     0 | D:1      | 0 ||| qw: Allow faded altars: false
     0 | D:1      | 0 ||| qw: Do Orc after D:15 true
     0 | D:1      | 0 ||| qw: Do second Lair branch before Depths: true
     0 | D:1      | 0 ||| qw: Lair rune preference: random
     0 | D:1      | 0 ||| qw: Plans: Normal, Zot:1-4, Slime:5, God:TSO, Crypt,
                  | Tomb, Abyss, Pan, Hells, Win
     0 | D:1      | 0 ||| PLANNING D:1-11
    64 | D:1      | Reached skill level 2 in Axes
   159 | D:1      | Reached XP level 2. HP: 19/19 MP: 2/2
   367 | D:1      | 367 ||| DROPPING +0 club.
   605 | D:1      | 605 ||| Stepping ~*~*~tactically~*~*~ (stealth).
   606 | D:1      | 606 ||| Stepping ~*~*~tactically~*~*~ (stealth).
   609 | D:1      | Reached skill level 3 in Axes
   617 | D:1      | Reached XP level 3. HP: 23/23 MP: 3/3
   644 | D:1      | 644 ||| UPGRADING to +0 pair of boots.
   649 | D:1      | 649 ||| UPGRADING to +6 ring of strength.
   650 | D:1      | 650 ||| READING scroll labelled PURPHE ZUPSEU.
   651 | D:1      | 651 ||| READING scroll labelled YDAEMU RI JEJO.
   652 | D:1      | 652 ||| READING 2 scrolls labelled UBLEAZ XASIO.
   657 | D:1      | 657 ||| READING 3 scrolls labelled OVAASA FOHUWANN.
   672 | D:1      | 672 ||| READING 2 scrolls labelled QAR PEOXKALAJ.
   673 | D:1      | 673 ||| READING scroll labelled CADAHA KIDU.
   674 | D:1      | 674 ||| DROPPING 2 scrolls of torment.
   675 | D:1      | 675 ||| DROPPING scroll of fear.
  1020 | D:2      | 1020 ||| Stepping ~*~*~tactically~*~*~ (hiding).
  1021 | D:2      | 1021 ||| Stepping ~*~*~tactically~*~*~ (hiding).
  1022 | D:2      | 1022 ||| Stepping ~*~*~tactically~*~*~ (hiding).
  1023 | D:2      | 1023 ||| Stepping ~*~*~tactically~*~*~ (hiding).
  1068 | D:2      | 1068 ||| Stepping ~*~*~tactically~*~*~ (stealth).
  1070 | D:2      | 1070 ||| Stepping ~*~*~tactically~*~*~ (stealth).
  1071 | D:2      | 1071 ||| Stepping ~*~*~tactically~*~*~ (stealth).
  1075 | D:2      | Noticed a black bear
  1089 | D:2      | Killed a black bear
  1090 | D:2      | Reached skill level 4 in Axes
  1090 | D:2      | Reached XP level 4. HP: 15/28 MP: 4/4
  1090 | D:2      | Reached XP level 5. HP: 17/32 MP: 5/5
  1404 | D:2      | 1404 ||| READING scroll labelled TEUFIDW OTRIAS.
  1405 | D:2      | 1405 ||| READING 2 scrolls labelled SOPOSIE NEAMIK.
  1406 | D:2      | 1406 ||| READING scroll labelled ORCHAE RUENTIXI.
  1407 | D:2      | 1407 ||| DRINKING 2 fizzy purple potions.
  1486 | D:3      | 1486 ||| Stepping ~*~*~tactically~*~*~ (stealth).
  1876 | D:3      | Found a sacrificial altar of Ru.
  2266 | D:3      | 2266 ||| READING scroll labelled TOAXKU ZAYTT.
  2313 | D:4      | Reached skill level 5 in Axes
  2340 | D:4      | Reached skill level 1 in Dodging
  2340 | D:4      | Reached XP level 6. HP: 37/37 MP: 6/6
  2357 | D:4      | 2357 ||| Stepping ~*~*~tactically~*~*~ (stealth).
  2378 | D:4      | HP: 7/37 [gnoll/+0 halberd (8)]
  2379 | D:4      | 2379 ||| READING scroll of teleportation.
  2379 | D:4      | Slain by a gnoll

Levels and vault maps discovered:
D:1:      dpeg_arrival_round_b, layout_basic
D:2:      layout_loops_ring
D:3:      layout_basic, hangedman_ru_absence, minmay_misc_feat_tiny,
          kennysheep_cluttered_room
D:4:      layout_loops_ring, mainiacjoe_overflow_swirl,
          minmay_manual_monstrance, uniq_sigmund

Skill      XL: |  1  2  3  4  5 |
---------------+----------------+-----
Axes           | 2 3 4 5 |  5.4
Dodging        | 1 |  1.0
Fighting       | |  3.5
Armour         | |  3.2
Shields        | |  3.2

Action                     |  1- 3 |  4- 6 || total
---------------------------+-------+-------++-------
  Melee: War axe           |   101 |    72 ||   173
  Throw: Boomerang         |       |     5 ||     5
    Use: Scroll            |     6 |     5 ||    11
         Potion            |       |     1 ||     1
 Armour: Scale mail        |    53 |    24 ||    77
  Dodge: Dodged            |    48 |    35 ||    83
  Block: Buckler           |    13 |    20 ||    33

Table legend:
 A = Non-vault XP
 B = Vault XP
 C = Vault XP percentage of total XP
 D = Non-vault monster count
 E = Vault monster count
 F = Vault count percentage of total count
                 A         B        C        D         E       F
            +---------+---------+-------+---------+---------+-------
      Total |     275 |      84 |  23.4 |      55 |       3 |   5.2
            +---------+---------+-------+---------+---------+-------
        D:1 |      34 |       0 |   0.0 |      20 |       0 |   0.0
        D:2 |     165 |       0 |   0.0 |      19 |       0 |   0.0
        D:3 |      23 |       0 |   0.0 |      12 |       0 |   0.0
        D:4 |      53 |      84 |  61.3 |       4 |       3 |  42.9
            +---------+---------+-------+---------+---------+-------
